 Dungeon Crawl Stone Soup version 0.19-a0-1079-g88a7474 (webtiles) character file.

230182 HaroldButt the Wrestler (level 19, -10/102 HPs)
             Began as a Vine Stalker Fighter on Aug 4, 2016.
             Was a High Priest of Hepliaklqana.
             Mangled by a shock serpent (12 damage)
             ... on level 4 of the Snake Pit on Aug 6, 2016.
             The game lasted 03:01:06 (28656 turns).

HaroldButt the Wrestler (Vine Stalker Fighter)     Turns: 28656, Time: 03:01:07

Health: -10/102    AC: 36    Str: 24    XL:     19   Next: 47%
Magic:  0/27       EV: 16    Int: 13    God:    Hepliaklqana [*****.]
Gold:   1800       SH:  2    Dex: 21    Spells: 0 memorised, 18 levels left

rFire  + . .     SeeInvis +       - Unarmed
rCold  + . .     Gourm    .     b - +4 plate armour {rPois}
rNeg   . . .     Faith    .     (no shield)
rPois  +         Spirit   +     f - +1 hat {Int+3}
rElec  .         Dismiss  .     t - +2 cloak
rCorr  .         Reflect  .     Q - +2 pair of gloves
SustAt +         Harm     .     M - +2 pair of boots
MR     +++..                    m - amulet of magic regeneration
Stlth  ..........               I - ring of Tueschau {rC+ Dex+3 SInv Stlth+}
                                v - ring "Asorasiexa" {SustAt MR+ Dex+2}

@:
A: fangs 3, hooves 1, large bone plates 1, rough black scales 1, slimy green
scales 1, clever 1, fire resistance 1, regeneration 3, magic shield, antimagic
bite, no device heal 3, rot immunity
a: Recall Ancestor, Ancestor Identity, Transference, Idealise, Renounce Religion
}: 1/15 runes: decaying


You were on level 4 of the Snake Pit.
You worshipped Hepliaklqana.
Hepliaklqana was extremely pleased with you.
You were not hungry.

You visited 5 branches of the dungeon, and saw 31 of its levels.
You also visited: Sewer and Ice Cave.

You collected 4290 gold pieces.
You spent 2490 gold pieces at shops.

Inventory:

Missiles
 l - a throwing net (quivered)
Armour
 b - a +4 plate armour of poison resistance (worn)
 f - a +1 hat of intelligence (worn)
 t - a +2 cloak (worn)
 z - a +0 plate armour of fire resistance
 M - a +2 pair of boots (worn)
 N - the +0 pair of gloves of the Pleiades {-Tele rPois rF+ rCorr}
   (You found it on level 4 of the Swamp)

   It protects you from fire.
   It protects you from poison.
   It prevents most forms of teleportation.
   It protects you from acid and corrosion.
 Q - a +2 pair of gloves (worn)
Rods
 q - a +9 rod of clouds (17/17)
   (You bought it in a shop on level 12 of the Dungeon)
Jewellery
 g - the ring of Pureif {rN+ Dex+2}
   (You found it on level 14 of the Dungeon)

   [ring of positive energy]

   It affects your dexterity (+2).
   It protects you from negative energy.
 m - an amulet of magic regeneration (around neck)
 v - the ring "Asorasiexa" (left hand) {SustAt MR+ Dex+2}
   (You found it in an ice cave)

   [ring of sustain attributes]

   It sustains your strength, intelligence and dexterity.
   It affects your dexterity (+2).
   It affects your resistance to hostile enchantments.
 G - an uncursed ring of resist corrosion
 I - the ring of Tueschau (right hand) {rC+ Dex+3 SInv Stlth+}
   (You found it on level 6 of the Lair of Beasts)

   [ring of see invisible]

   It affects your dexterity (+3).
   It protects you from cold.
   It lets you see invisible.
   It makes you more stealthy.
Wands
 e - a wand of disintegration (13/24)
 y - a wand of acid (9/15)
 R - a wand of acid (3/15)
 T - a wand of iceblast (8/15)
 V - a wand of acid (8/15)
Scrolls
 i - 9 scrolls of teleportation
 j - 11 scrolls of remove curse
 n - 3 scrolls of immolation
 E - a scroll of fog
 H - 3 scrolls of recharging
 O - 3 scrolls of magic mapping
 P - 3 scrolls of amnesia
 W - 3 scrolls of blinking
 X - 2 scrolls of silence
Potions
 c - 3 potions of might
 h - 14 potions of curing
 o - 4 potions of resistance
 p - 2 potions of cure mutation
 s - a potion of cancellation
 w - 12 potions of flight
 x - 2 potions of agility
 A - 5 potions of brilliance
 C - 2 potions of ambrosia
 D - 2 potions of magic
 J - 3 potions of berserk rage
 Y - 3 potions of haste
Books
 a - a Necronomicon

   Spells                             Type                      Level
   a - Haunt                          Necromancy/Summoning         7
   b - Borgnjor's Revivification      Necromancy                   8
   c - Death's Door                   Charms/Necromancy            8
   d - Infestation                    Necromancy                   8
   e - Necromutation                  Transmutation/Necromancy     8
 F - a book of the Dragon

   Spells                             Type                      Level
   a - Flame Tongue                   Conjuration/Fire             1
   b - Cause Fear                     Hexes                        4
   c - Bolt of Fire                   Conjuration/Fire             6
   d - Dragon Form                    Transmutation                7
   e - Dragon's Call                  Summoning                    9
 K - a book of the Sky

   Spells                             Type                      Level
   a - Summon Lightning Spire         Summoning/Air                4
   b - Airstrike                      Air                          4
   c - Silence                        Hexes/Air                    5
   d - Deflect Missiles               Charms/Air                   6
   e - Conjure Ball Lightning         Conjuration/Air              6
   f - Tornado                        Air                          9
Miscellaneous
 L - a phantom mirror
Comestibles
 d - 18 bread rations
 k - 11 fruits
 r - 10 meat rations
 u - 5 slices of pizza
 B - 3 royal jellies
 S - 2 beef jerkies
 U - 3 chunks of flesh


   Skills:
 - Level 12.0 Fighting
 - Level 11.2 Armour
 + Level 12.5 Dodging
   Level 2.6 Shields
 - Level 21.0 Unarmed Combat
 - Level 8.0 Invocations
 - Level 10.0 Evocations


You had 18 spell levels left.
You didn't know any spells.

Dungeon Overview and Level Annotations

Branches:
Dungeon (15/15)            Temple (0/1) D:7            Lair (6/6) D:8
  Swamp (4/4) Lair:2        Snake (4/4) Lair:4        Slime (0/5) Lair:5
    Orc (2/2) D:9             Elf (0/3) Orc:2        Vaults (0/5) D:13
 Depths (0/5) D:15

Altars:
Cheibriados
Dithmenos
Fedhas
Gozag
Hepliaklqana
Kikubaaqudgha
Okawaru
Pakellas
Qazlal
Sif Muna
Uskayaw
Vehumet
Xom
Yredelemnul
The Shining One

Shops:
D:12 }   D:13 *   Orc:2 :!(?

Portals:
Pandemonium: Orc:2


Innate Abilities, Weirdness & Mutations

You have razor-sharp teeth.
You regenerate.
When hurt, damage is shared between your health and your magic reserves.
Your bite disrupts and absorbs the magic of your enemies.
Potions and wands cannot restore your health.
You are immune to rotting.
You have large cloven feet.
You are partially covered in large bone plates. (AC +2, SH +2)
You are partially covered in rough black scales. (AC +2, Dex -1)
You are partially covered in slimy green scales. (AC +2)
Your mind is acute. (Int +2)
Your flesh is heat resistant. (rF+)


Message History

You butcher the shock serpent corpse.
The shock serpent shoots out a bolt of lightning at you!
The bolt of electricity hits you!
* * * LOW HITPOINT WARNING * * *
You see here 4 chunks of flesh.
You closely miss the shock serpent. Your bite misses the shock serpent.
The shock serpent bites you but does no damage.
As you read the scroll of fear, it crumbles to dust.
You assume a fearsome visage.
The shock serpent resists with some effort.
The shock serpent bites you but does no damage.
You pummel the shock serpent!! Your punch misses the shock serpent.
Your bite misses the shock serpent.
The shock serpent is heavily wounded.
The shock serpent's electric aura discharges, shocking you!
* * * LOW HITPOINT WARNING * * *
The shock serpent bites you.
* * * LOW HITPOINT WARNING * * *
The shock serpent shocks you!
You die...

##...#....##.#....##
...######..#....... ####
##.#....... .######## .......#
........# #.....# ..
...##...#####..... #.#
...#%......###...# ##..
.....####...##...# ..S
###....##...###.@######## S.##
)..#........####.S.##...# ..#
...##.....####..........## #.##
.......[.................####..#
..##........##.......###......S#
+# #.###.##..####....# #########
## #.###..###...## #..
.........## #####....#...)#


You could see a shock serpent.

Vanquished Creatures
  Bai Suzhen (Swamp:4)
  Rupert (Lair:6)
  Gastronok (D:8)
  4 thorn hunters
  Frances (D:12)
  Kirke (Swamp:4)
  4 greater nagas
  Louise (Snake:2)
  A war gargoyle (D:13)
  A stone giant (D:13)
  The ghost of CypherZel the Protected, a journeyman VSBe of Trog (D:14)
  Azrael (D:12)
  A deep elf annihilator (D:13)
  A green death (Swamp:4)
  Josephine (D:10)
  An ettin (D:15)
  A fire dragon (D:13)
  2 death oozes (Swamp:4)
  A ghost crab (Swamp:2)
  An ice dragon (IceCv)
  9 naga warriors
  A hell beast (Swamp:4)
  6 centaur warriors
  18 hydras
  5 anacondas
  5 alligators
  9 naga sharpshooters
  6 death yaks (Lair:3)
  7 orc high priests (Orc:2)
  2 thrashing horrors (Swamp:4)
  Urug (Lair:3)
  3 shock serpents
  A soul eater (Orc:2)
  A salamander mystic (Snake:3)
  5 skeletal warriors (D:13)
  9 swamp dragons
  A wizard (D:14)
  A putrid demonspawn (Orc:2)
  6 hill giants
  A naga ritualist (Snake:1)
  5 shambling mangroves
  2 unseen horrors
  A spriggan druid (Swamp:4)
  4 orc knights
  5 orc sorcerers (Orc:2)
  2 deep elf magi
  3 mana vipers
  2 oklob plants (Swamp:3)
  15 ugly things
  2 wolf spider zombies
  5 griffons
  2 cyclopes
  A manticore (D:13)
  A wolf spider (D:13)
  A hornet (Swamp:1)
  5 salamanders
  2 centaur zombies
  9 elephants
  25 black mambas
  A torpor snail (Lair:5)
  13 naga magi
  An ice statue (IceCv)
  Joseph (D:7)
  2 guardian serpents (Snake:4)
  26 spiny frogs
  3 orange demons
  A gargoyle (D:13)
  2 yaktaurs
  2 rime drakes
  9 komodo dragons
  5 kobold demonologists
  A hellwing (Orc:2)
  2 tengu conjurers
  2 meliai (D:15)
  12 giant leeches
  A polar bear (Lair:4)
  A two-headed ogre (Orc:2)
  6 trolls
  40 slime creatures
  20 blink frogs
  2 boulder beetles
  2 meliai zombies
  10 bog bodies
  5 spriggans
  A ynoxinul (Orc:2)
  5 shadows
  The ghost of FrancescoMac the Skirmisher, an amateur TrMo (D:4)
  2 large abominations (Swamp:4)
  4 hogs (Swamp:4)
  13 humans (D:13)
  5 wraiths
  A chaos spawn (Orc:2)
  A hog (shapeshifter) (D:14)
  2 wyverns
  8 hippogriffs
  26 yaks
  3 fire elementals
  5 basilisks
  A steam dragon (Lair:4)
  16 vampire mosquitoes
  5 mottled dragons
  16 swamp worms
  11 insubstantial wisps
  Edmund (D:6)
  24 nagas
  A porcupine (Lair:2)
  9 water moccasins
  A hell hound (D:12)
  29 orc warriors
  8 swamp drakes
  11 ice beasts (IceCv)
  A phantom (D:12)
  3 sky beasts
  9 wasps
  A necrophage (D:13)
  18 wolves
  2 eyes of draining
  A black bear (D:11)
  6 ogres
  11 centaurs
  6 crocodiles
  2 big kobolds
  23 giant frogs
  A wyvern zombie (D:13)
  6 scorpions
  11 killer bees
  2 wights (D:12)
  4 howler monkeys
  2 electric eels (Lair:6)
  9 crimson imps
  6 jellies
  2 giant frog zombies
  7 hounds
  A giant frog skeleton (D:6)
  11 orc wizards
  31 orc priests
  9 centaur skeletons
  7 iguanas
  8 worker ants
  24 sheep
  A hound zombie (D:11)
  A hound skeleton (D:4)
  11 adders
  6 gnolls
  21 river rats
  A shadow imp (D:5)
  10 white imps (D:11)
  2 oozes
  An adder zombie (D:10)
  An adder skeleton (D:9)
  2 worms (D:3)
  3 dart slugs
  7 giant geckos
  56 orcs
  3 bats
  5 giant cockroaches
  11 goblins
  12 hobgoblins
  5 jackals
  33 kobolds
  4 quokkas
  4 ball pythons
  A ball python zombie (D:5)
  A giant gecko skeleton (D:6)
  3 giant newts
  A jackal skeleton (D:6)
  A quokka skeleton (D:4)
  18 rats
  A briar patch (Swamp:3)
  A fungus (Swamp:3)
  A plant (Lair:6)
1048 creatures vanquished.

Vanquished Creatures (collateral kills)
  A thorn hunter (Swamp:3)
  A green death (Swamp:4)
  2 naga warriors
  An ice dragon (IceCv)
  3 hydras
  3 alligators
  2 shock serpents
  A tengu warrior (D:14)
  A deep troll earth mage (D:13)
  Sonja (D:12)
  A deep troll (D:15)
  3 swamp dragons
  2 hill giants
  A putrid demonspawn (Orc:2)
  A mana viper (Snake:1)
  An orc knight (Orc:2)
  A cyclops (D:14)
  7 ugly things
  A salamander (Snake:3)
  A griffon (D:13)
  2 elephants
  7 black mambas
  An ice statue (IceCv)
  2 guardian serpents (Snake:3)
  5 spiny frogs
  4 naga magi (Snake:3)
  A kobold demonologist (D:13)
  2 rime drakes
  3 centaur skeletons
  A red devil (Orc:2)
  A troll (D:14)
  A tengu conjurer (D:14)
  A meliai (D:15)
  4 blink frogs
  2 giant leeches
  16 slime creatures
  3 bog bodies
  10 yaks
  A shadow (Swamp:4)
  A wraith (D:15)
  2 wyverns
  3 humans (D:13)
  2 basilisks
  2 hungry ghosts
  Menkaure (D:6)
  A mottled dragon (D:13)
  4 vampire mosquitoes
  5 swamp worms
  A warg (Orc:1)
  A soldier ant (D:12)
  An insubstantial wisp (Swamp:2)
  A water moccasin (Lair:3)
  18 nagas
  A porcupine (Lair:1)
  3 sky beasts
  4 swamp drakes
  5 ice beasts
  5 orc warriors
  A phantom (D:9)
  2 wolves
  3 ogres
  6 centaurs
  3 big kobolds
  8 giant frogs
  A scorpion (D:4)
  A jelly (Lair:5)
  11 killer bees
  An electric eel (Lair:6)
  A crimson imp (D:5)
  2 quasits
  A giant frog skeleton (D:4)
  An iguana (Lair:4)
  7 orc priests
  4 orc wizards
  4 worker ants
  2 sheep (Lair:6)
  A hound skeleton (D:5)
  5 gnolls
  2 adders (Sewer)
  2 river rats
  A shadow imp (D:7)
  2 white imps (D:11)
  A worm (D:6)
  22 orcs
  A quokka (D:5)
  7 kobolds
  8 rats (Sewer)
  7 briar patches
  2 fungi
  2 plants
285 creatures vanquished.

Vanquished Creatures (others)
  A naga warrior (Snake:4)
  A human (Swamp:4)
  A giant frog (D:6)
  12 knights
  A hound (D:6)
  A worm (D:6)
  2 ancestors
  An orc (D:6)
  A giant newt (D:6)
  4 briar patches
  18 fungi
  9 plants
52 creatures vanquished.

Grand Total: 1385 creatures vanquished

Notes
Turn   | Place    | Note
-------+----------+-------------------------------------------
     0 | D:1      | HaroldButt the Vine Stalker Fighter began the quest for the Orb.
     0 | D:1      | Reached XP level 1. HP: 11/11 MP: 2/2
   111 | D:1      | Reached XP level 2. HP: 14/16 MP: 1/3
   206 | D:1      | Reached skill level 3 in Unarmed Combat
   343 | D:1      | Reached XP level 3. HP: 18/19 MP: 4/4
   624 | D:2      | Found a basalt altar of Yredelemnul.
   996 | D:2      | Found a deep blue altar of Sif Muna.
  1138 | D:3      | Reached skill level 4 in Unarmed Combat
  1212 | D:3      | Reached XP level 4. HP: 7/23 MP: 2/5
  1418 | D:3      | Gained mutation: You are partially covered in large bone plates. (AC +2, SH +2) [potion of mutation]
  1418 | D:3      | Gained mutation: Your flesh is heat resistant. (rF+) [potion of mutation]
  1418 | D:3      | Gained mutation: You have large cloven feet. [potion of mutation]
  1419 | D:3      | Gained mutation: You are partially covered in rough black scales. (AC +2, Dex -1) [potion of mutation]
  1419 | D:3      | Gained mutation: You are partially covered in slimy green scales. (AC +2) [potion of mutation]
  1784 | D:3      | Found a hazy altar of Hepliaklqana.
  1797 | D:3      | Became a worshipper of Hepliaklqana
  1919 | D:4      | Reached skill level 5 in Unarmed Combat
  1919 | D:4      | Reached XP level 5. HP: 27/27 MP: 6/6
  1994 | D:4      | Noticed FrancescoMac's ghost (amateur TrMo)
  2006 | D:4      | Killed FrancescoMac's ghost
  2006 | D:4      | Reached skill level 6 in Unarmed Combat
  2006 | D:4      | Gained mutation: You heal very quickly. [Vine Stalker growth]
  2006 | D:4      | Reached XP level 6. HP: 32/32 MP: 7/7
  2136 | D:4      | Reached skill level 7 in Unarmed Combat
  2189 | D:4      | Reached XP level 7. HP: 35/35 MP: 8/8
  2330 | D:4      | Found an oddly glowing altar of Pakellas.
  2351 | D:4      | Found a shimmering altar of Xom.
  2455 | D:5      | Entered Level 5 of the Dungeon
  2476 | D:5      | Reached skill level 8 in Unarmed Combat
  2508 | D:5      | Reached * piety under Hepliaklqana
  2674 | D:5      | Gained mutation: You have razor-sharp teeth. [Vine Stalker growth]
  2674 | D:5      | Reached XP level 8. HP: 42/42 MP: 9/9
  2687 | D:5      | Reached skill level 5 in Fighting
  2947 | D:6      | Noticed Edmund
  2977 | D:6      | Killed Edmund
  3034 | D:6      | Found a glowing drain.
  3038 | Sewer    | Entered a sewer
  3475 | D:6      | Found a snail-covered altar of Cheibriados.
  3499 | D:6      | Found an iron altar of Okawaru.
  3499 | D:6      | Reached ** piety under Hepliaklqana
  3500 | D:6      | Remembered your ancestor Loli as a knight
  3518 | D:6      | Reached skill level 1 in Dodging
  3546 | D:6      | Reached XP level 9. HP: 45/50 MP: 10/10
  3860 | D:6      | Noticed Menkaure
  3871 | D:6      | Killed Menkaure
  3935 | D:6      | Reached skill level 5 in Dodging
  3940 | D:6      | Found a radiant altar of Vehumet.
  4530 | D:7      | Found a staircase to the Ecumenical Temple.
  4619 | D:7      | Found an opulent altar of Gozag.
  4718 | D:7      | Found a glowing golden altar of the Shining One.
  4795 | D:7      | Noticed Joseph
  4807 | D:7      | Killed Joseph
  4807 | D:7      | Reached skill level 5 in Armour
  4846 | D:7      | Reached *** piety under Hepliaklqana
  5028 | D:8      | Noticed Gastronok
  5057 | D:8      | Killed Gastronok
  5057 | D:8      | Reached skill level 10 in Unarmed Combat
  5057 | D:8      | Reached XP level 10. HP: 30/55 MP: 9/11
  5127 | D:8      | Reached skill level 11 in Unarmed Combat
  5149 | D:8      | Found a staircase to the Lair.
  5981 | D:9      | Found a stormy altar of Qazlal.
  5982 | D:9      | Found a hide-covered altar of Uskayaw.
  6282 | D:9      | Found a staircase to the Orcish Mines.
  6402 | D:10     | Entered Level 10 of the Dungeon
  6453 | D:10     | Noticed a cyan ugly thing
  6466 | D:10     | Noticed a four-headed hydra
  6466 | D:10     | Killed a cyan ugly thing
  6466 | D:10     | Reached skill level 12 in Unarmed Combat
  6466 | D:10     | Reached XP level 11. HP: 58/58 MP: 12/12
  6477 | D:10     | Killed a four-headed hydra
  6569 | D:10     | Reached **** piety under Hepliaklqana
  6674 | D:10     | Noticed Josephine
  6685 | D:10     | Killed Josephine
  6685 | D:10     | Reached skill level 13 in Unarmed Combat
  7348 | Lair:1   | Entered Level 1 of the Lair of Beasts
  7364 | Lair:1   | Reached skill level 14 in Unarmed Combat
  7930 | Lair:1   | Gained mutation: You regenerate. [Vine Stalker growth]
  7930 | Lair:1   | Reached XP level 12. HP: 49/65 MP: 8/13
  8070 | Lair:1   | Identified a scroll of acquirement
  8251 | Lair:2   | Found a staircase to the Swamp.
  8373 | Lair:2   | Reached ***** piety under Hepliaklqana
  8971 | Lair:2   | Reached skill level 10 in Fighting
  9192 | Lair:3   | Noticed a death yak
  9192 | Lair:3   | Noticed a death yak
  9193 | Lair:3   | Noticed a death yak
  9199 | Lair:3   | Noticed a death yak
  9201 | Lair:3   | Noticed a death yak
  9202 | Lair:3   | Noticed a death yak
  9211 | Lair:3   | Killed a death yak
  9216 | Lair:3   | Killed a death yak
  9222 | Lair:3   | Killed a death yak
  9225 | Lair:3   | Killed a death yak
  9234 | Lair:3   | Killed a death yak
  9239 | Lair:3   | Killed a death yak
  9469 | Lair:3   | HP: 2/67 [boulder beetle (13)]
  9471 | Lair:3   | Reached XP level 13. HP: 3/72 MP: 2/14
  9656 | Lair:3   | Noticed Urug
  9676 | Lair:3   | Killed Urug
  9921 | Lair:4   | Found a staircase to the Snake Pit.
 10031 | Lair:3   | Reached skill level 10 in Armour
 11309 | Lair:5   | Found a staircase to the Slime Pits.
 11583 | Lair:6   | Entered Level 6 of the Lair of Beasts
 11591 | Lair:6   | Reached skill level 1 in Invocations
 11615 | Lair:5   | Reached XP level 14. HP: 56/77 MP: 16/16
 11862 | Lair:5   | Reached skill level 5 in Invocations
 12032 | Lair:6   | Noticed Rupert
 12050 | Lair:6   | Killed Rupert
 12058 | Lair:6   | Found an ancient bone altar of Kikubaaqudgha.
 12748 | Lair:6   | Got a crude platinum ring
 12755 | Lair:6   | Identified the ring of Tueschau {rC+ Dex+3 SInv Stlth+} (You found it on level 6 of the Lair of Beasts)
 13136 | Orc:1    | Entered Level 1 of the Orcish Mines
 13176 | Orc:1    | Reached ****** piety under Hepliaklqana
 13637 | Orc:2    | Entered Level 2 of the Orcish Mines
 13955 | Orc:2    | Reached skill level 15 in Unarmed Combat
 14013 | Orc:2    | Found a staircase to the Elven Halls.
 14552 | Orc:2    | Found Jacsouna's Magic Scroll Shop.
 14632 | Orc:2    | Found Ciots's Distillery.
 14826 | Orc:2    | HP: 3/77 [orc knight/battleaxe (3)]
 15058 | Orc:2    | Reached XP level 15. HP: 48/80 MP: 14/22
 15140 | Orc:2    | Reached skill level 16 in Unarmed Combat
 15254 | Orc:2    | Found Wymia's Book Shoppe.
 15254 | Orc:2    | Found Nigg's Antique Weapon Emporium.
 15254 | Orc:2    | Found a one-way gate leading to the halls of Pandemonium.
 15325 | Orc:2    | Bought a potion of invisibility for 104 gold pieces
 15325 | Orc:2    | Bought a potion of haste for 130 gold pieces
 15327 | Orc:2    | Bought a scroll of teleportation for 30 gold pieces
 15327 | Orc:2    | Bought a scroll of fear for 35 gold pieces
 15327 | Orc:2    | Bought a scroll of silence for 75 gold pieces
 15602 | D:11     | Found a frozen archway.
 15616 | IceCv    | Entered an ice cave
 15904 | IceCv    | Got a scorched tin ring
 15919 | IceCv    | Identified the ring "Asorasiexa" {SustAt MR+ Dex+2} (You found it in an ice cave)
 15920 | IceCv    | Upgraded the game from 0.19-a0-1068-g99dd0f4 to 0.19-a0-1071-g4ed3155
 16041 | D:11     | Found a shadowy altar of Dithmenos.
 16318 | D:11     | Reached skill level 17 in Unarmed Combat
 16919 | D:12     | Noticed Azrael
 16919 | D:12     | Noticed Frances
 16946 | D:12     | Killed Azrael
 16950 | D:12     | Killed Frances
 17041 | D:12     | Reached skill level 10 in Dodging
 17509 | D:12     | Found Hien's Gadget Shoppe.
 17517 | D:12     | Bought a +3 rod of clouds (9/9) for 1360 gold pieces
 17679 | D:12     | Noticed Sonja
 17717 | D:12     | Killed Sonja
 17717 | D:12     | Reached skill level 1 in Evocations
 17922 | D:13     | Identified the Volume of the Grue
 18028 | D:13     | Found a gate to the Vaults.
 18235 | D:13     | Reached skill level 5 in Evocations
 18413 | D:13     | Reached XP level 16. HP: 85/85 MP: 23/23
 18536 | D:13     | Found Huloirchi's General Store.
 18544 | D:13     | Bought an uncursed ring of wizardry for 450 gold pieces
 18544 | D:13     | Bought a scroll of blinking for 112 gold pieces
 18544 | D:13     | Bought a scroll of recharging for 142 gold pieces
 18544 | D:13     | Bought a scroll of immolation for 52 gold pieces
 19129 | D:13     | Upgraded the game from 0.19-a0-1071-g4ed3155 to 0.19-a0-1079-g88a7474
 19571 | D:14     | Got a sparkling glass ring
 19743 | D:14     | Found a blossoming altar of Fedhas.
 19996 | D:14     | Reached skill level 10 in Evocations
 20055 | D:14     | Noticed CypherZel's ghost (journeyman VSBe)
 20269 | D:14     | Killed CypherZel's ghost
 20430 | D:13     | Identified the ring of Pureif {rN+ Dex+2} (You found it on level 14 of the Dungeon)
 20635 | D:15     | Entered Level 15 of the Dungeon
 21047 | D:15     | Found a staircase to the Depths.
 21084 | D:15     | Reached XP level 17. HP: 72/93 MP: 16/25
 21512 | Swamp:1  | Entered Level 1 of the Swamp
 22525 | Swamp:2  | Reached skill level 18 in Unarmed Combat
 22761 | Swamp:2  | Found a shimmering altar of Xom.
 23355 | Swamp:3  | Reached skill level 19 in Unarmed Combat
 24232 | Swamp:4  | Entered Level 4 of the Swamp
 24284 | Swamp:4  | Reached XP level 18. HP: 89/98 MP: 26/26
 24688 | Swamp:4  | Reached skill level 20 in Unarmed Combat
 24870 | Swamp:4  | Got a decaying rune of Zot
 24939 | Swamp:4  | Got a pair of pitted gloves
 24950 | Swamp:4  | Identified the cursed +0 pair of gloves of the Pleiades {-Tele rPois rF+ rCorr} (You found it on level 4 of the Swamp)
 25083 | Swamp:4  | Noticed Kirke
 25084 | Swamp:4  | Noticed Bai Suzhen
 25110 | Swamp:4  | Killed Kirke
 25123 | Swamp:4  | Killed Bai Suzhen
 25588 | Snake:1  | Entered Level 1 of the Snake Pit
 25926 | Snake:1  | Gained mutation: Your mind is acute. (Int +2) [potion of beneficial mutation]
 26145 | Snake:1  | Reached skill level 21 in Unarmed Combat
 26559 | Snake:2  | Noticed Louise
 26577 | Snake:2  | Killed Louise
 27186 | Snake:3  | Reached XP level 19. HP: 102/102 MP: 27/27
 27984 | Snake:4  | Entered Level 4 of the Snake Pit
 28653 | Snake:4  | HP: 3/102 [shock serpent/bolt of electricity (6)]
 28656 | Snake:4  | Mangled by a shock serpent

Vault maps used:
D:1:      scummos_arrival_hexagon
D:2:      lemuel_blue_sif_altar, yredelemnul_altar_generic
D:3:      nicolae_overflow_crystal_walls
D:4:      nicolae_overflow_hidden_temple, old_standard_altar, first_bread,
          serial_aquarium, aquarium_bridge_island_small, aquarium_window_1,
          aquarium_window_2, aquarium_window_1, aquarium_view_2a,
          minmay_misc_feat_chi
D:6:      cheibrodos_worm_habitat, fiery_altar_vehumet, gup_sewer_entry_bowl,
          okawaru_trees_2, uniq_menkaure, uniq_edmund
D:7:      marbit_many_paths, lemuel_coloured_pillars_altar, the_bakery,
          uniq_joseph
D:8:      lair_0_dummy, uniq_gastronok
D:9:      gammafunk_temple_overflow_pools, orc_0_dummy
D:10:     uniq_josephine
D:11:     portal_ice_cave_entry_imps, grunt_dithmenos_smoke_and_mirrors
D:12:     serial_shops, shop_fountains, uniq_azrael, uniq_frances, uniq_sonja
D:13:     minmay_nested_s, david_vaults_3, serial_shops, shop
D:14:     fedhas_altar_fruit_tree, minmay_holes
D:15:     hangedman_depths_entry_civil_slaughter, minmay_misc_feat_tower
Lair:1:   beast_lair_carwin_8
Lair:2:   swamp_mist, serial_bayou_shore_b
Lair:3:   uniq_urug
Lair:4:   guppyfry_snake_entry_island
Lair:5:   minmay_slime_entry_pillars, st_stairs_9, serial_bayou_shore_b
Lair:6:   minmay_lair_end_frog_pond, basic_altar, uniq_rupert
Swamp:1:  hangedman_swamp_blocks, infiniplex_staircase_pool
Swamp:2:  basic_altar
Swamp:3:  nicolae_swamp_phyte_club, evilmike_swamp_ruin_house_1
Swamp:4:  swamp_vile, uniq_kirke, uniq_bai_suzhen
Snake:2:  uniq_louise
Snake:3:  grunt_megastairs_4
Snake:4:  grunt_snake_rune_pools, nicolae_snake_biting_tails
Orc:2:    pf_orc_diabolical
Sewer:    sewer_minmay_treatment
IceCv:    ice_cave_small_dragons

Skill      XL: |  1  2  3  4  5  6  7  8  9 10 11 12 13 14 15 16 17 18 19 |
---------------+----------------------------------------------------------+-----
Unarmed Combat | 3 4 5 6 7 8 10 12 14 15 17 19 21 | 21.0
Fighting       | 4 7 8 10 11 12 | 12.0
Dodging        | 2 5 9 10 12 | 12.5
Armour         | 5 9 10 11 | 11.2
Invocations    | 2 8 |  8.0
Evocations     | 5 10 | 10.0
Shields        | |  2.6

Action                   |  1- 3 |  4- 6 |  7- 9 | 10-12 | 13-15 | 16-18 | 19-21 || total
-------------------------+-------+-------+-------+-------+-------+-------+-------++-------
Melee: Unarmed           |   141 |    98 |   362 |   439 |  1291 |  1367 |   172 ||  3870
       Bite              |    46 |    37 |   119 |   179 |   539 |   655 |    74 ||  1649
       Punch             |     2 |     3 |    19 |    29 |   100 |   173 |    25 ||   351
       Kick              |       |    26 |   109 |    82 |       |       |       ||   217
Invok: Ancestor Identity |       |     1 |       |       |       |       |       ||     1
       Recall Ancestor   |       |       |     1 |       |     4 |       |       ||     5
       Ancestor Life: Kn |       |       |     1 |       |       |       |       ||     1
       Idealise          |       |       |       |     1 |    11 |    11 |     1 ||    24
 Abil: Evoke Berserk Rag |       |       |       |       |     1 |       |       ||     1
Evoke: Rod               |       |       |       |       |     1 |     5 |       ||     6
       Wand              |       |       |       |       |       |       |     3 ||     3
  Use: Scroll            |     6 |     6 |    10 |    10 |    19 |    15 |     4 ||    70
       Potion            |       |     3 |       |     3 |     6 |     4 |       ||    16
 Stab: Distracted        |       |     1 |     3 |     2 |    13 |    14 |     3 ||    36
       Sleeping          |       |       |       |     1 |       |       |       ||     1
       Invisible         |       |       |       |       |       |     2 |       ||     2
  Eat: Chunk             |     1 |     3 |    10 |    14 |    26 |    22 |     4 ||    80
       Beef jerky        |       |       |       |       |     3 |     2 |       ||     5
       Fruit             |       |       |       |       |     2 |     8 |     1 ||    11
Armor: Scale mail        |    23 |       |       |       |       |       |       ||    23
       Ring mail         |    32 |    45 |   179 |   142 |       |       |       ||   398
       Plate armour      |       |       |       |    63 |   816 |   732 |    92 ||  1703
Dodge: Dodged            |    70 |    24 |   192 |   247 |   671 |   652 |   101 ||  1957
Block: Other             |       |     2 |    26 |    26 |    65 |    70 |     3 ||   192
